 Dungeon Crawl Stone Soup version 0.30-a0-802-gb92711bcdf (webtiles) character file.

Game seed: 14402928037408350555

13031 Demosthentine the Fighter (level 11, -2/93 HPs)
             Began as a Demonspawn Gladiator on Feb 25, 2023.
             Was a Priest of Nemelex Xobeh.
             Slain by a wolf spider simulacrum (26 damage)
             ... on level 13 of the Dungeon.
             The game lasted 00:12:32 (11711 turns).

Demosthentine the Fighter (Demonspawn Gladiator)   Turns: 11711, Time: 00:12:33

Health: -2/93      AC: 19    Str: 17    XL:     11   Next: 70%
Magic:  0/17       EV: 16    Int: 10    God:    Nemelex Xobeh [***...]
Gold:   709        SH: 10    Dex: 16    Spells: 10/10 levels left

rFire   . . .      SeeInvis .    a - +3 trident (elec)
rCold   . . .      Faith    .    k - +0 buckler
rNeg    + . .      Spirit   +    B - +1 leather armour {rN+}
rPois   .          Reflect  .    c - +1 helmet
rElec   .          Harm     .    (no cloak)
rCorr   +          Rampage  .    z - +0 pair of gloves
Will    .....                    E - +0 pair of boots
Stlth   +                        (no amulet)
HPRegen 0.35/turn                p - ring of resist corrosion
MPRegen 0.30/turn                (no ring)

@: studying Unarmed Combat
A: rugged brown scales 2, icemail 2, magic shield, magic regeneration,
condensation shield
a: Renounce Religion, Draw Escape, Draw Destruction, Draw Summoning, Triple Draw


You were on level 13 of the Dungeon.
You worshipped Nemelex Xobeh.
Nemelex Xobeh was most pleased with you.
You visited 2 branches of the dungeon, and saw 14 of its levels.

You collected 817 gold pieces.
You spent 108 gold pieces at shops.

Inventory:

Hand Weapons
 a - a +3 trident of electrocution (weapon)
Missiles
 d - 6 throwing nets (quivered)
 e - a javelin
Armour
 b - the +0 leather armour of the Blue Alphagorgon {Will+ SInv}
   (You found it on level 7 of the Dungeon)

   SInv:      It lets you see invisible.
   Will:      It increases your willpower.
 c - a +1 helmet (worn)
 k - a +0 buckler (worn)
 z - a +0 pair of gloves (worn)
 B - a +1 leather armour of positive energy (worn)
 E - a +0 pair of boots (worn)
Jewellery
 p - a ring of resist corrosion (left hand)
 G - a +4 ring of protection
Wands
 r - a wand of quicksilver (23)
 t - a wand of polymorph (23)
 D - a wand of mindburst (20)
 I - a wand of roots (4)
Scrolls
 f - 7 scrolls of enchant armour
 h - 5 scrolls of identify
 w - 3 scrolls of teleportation
 x - a scroll of blinking
 y - 4 scrolls of amnesia
 F - a scroll of fog
 H - a scroll of vulnerability
Potions
 g - 2 potions of lignification
 i - 5 potions of curing
 j - a potion of mutation
 l - 2 potions of flight
 m - 2 potions of brilliance
 n - a potion of ambrosia
 o - a potion of haste
 q - 2 potions of resistance
 s - 2 potions of attraction
 u - a potion of cancellation
 v - 3 potions of heal wounds


   Skills:
 + Level 9.0 Fighting
 + Level 8.5 Polearms
 - Level 1.7 Throwing
 - Level 5.3 Armour
 + Level 8.5 Dodging
 - Level 7.0 Shields
 + Level 8.2 Invocations


You had 10 spell levels left.
You didn't know any spells.
Your spell library contained the following spells:

 Spells                   Type           Power      Damage    Failure   Level
 Apportation              Tloc           0%         N/A       50%         1
 Beastly Appendage        Tmut           0%         N/A       50%         1
 Blink                    Tloc           0%         N/A       65%         2
 Static Discharge         Conj/Air       0%         2-2/arc   65%         2
 Wereblood                Tmut           0%         N/A       65%         2
 Gell's Gravitas          Tloc           0%         N/A       86%         3
 Inner Flame              Hex/Fire       0%         N/A       86%         3
 Spider Form              Tmut/Pois      0%         N/A       86%         3
 Teleport Other           Tloc           0%         N/A       86%         3
 Tukima's Dance           Hex            0%         N/A       86%         3
 Flame Wave               Conj/Fire      0%         2d4       99%         4
 Passage of Golubria      Tloc           0%         N/A       99%         4
 Sticky Flame             Conj/Fire      0%         2d3       99%         4
 Summon Ice Beast         Ice/Summ       0%         N/A       99%         4
 Alistair's Intoxication  Tmut/Pois      0%         N/A       100%        5
 Borgnjor's Vile Clutch   Necr/Erth      0%         N/A       100%        5
 Summon Forest            Summ/Tloc      0%         N/A       100%        5
 Summon Mana Viper        Hex/Summ       0%         N/A       100%        5
 Yara's Violent Unravell  Hex/Tmut       0%         3d3       100%        5
 Dispersal                Tloc           0%         N/A       100%        6
 Eringya's Noxious Bog    Tmut/Pois      0%         N/A       100%        6
 Summon Cactus Giant      Summ           0%         N/A       100%        6
 Monstrous Menagerie      Summ           0%         N/A       100%        7


Dungeon Overview and Level Annotations

Branches:
Dungeon (13/15)            Temple (1/1) D:6            Lair (0/5) D:10
    Orc (0/2) D:10
 Vaults: D:13-14

Altars:
Ashenzari
Cheibriados
Dithmenos
Fedhas
Gozag
Hepliaklqana
Kikubaaqudgha
Makhleb
Nemelex Xobeh
Okawaru
Qazlal
Ru
Sif Muna
Trog
Uskayaw
Vehumet
Wu Jian
Xom
Yredelemnul

Shops:
D:1 !   D:6 *   D:11 :

Annotations:
D:12 2 transporters, jejorda2's ghost, journeyman MfBe


Innate Abilities, Weirdness & Mutations

You are mostly covered in rugged brown scales. (AC +2, +5% HP)
A meltable icy envelope protects you from harm. (AC +8)
When hurt, damage is shared between your health and your magic reserves.
You regenerate magic rapidly.
A meltable shield of frost defends you. (SH +4)


Message History

The boulder beetle is heavily wounded.
The boulder beetle waves its antennae.
The boulder beetle barely misses you.
You hit the boulder beetle.
The boulder beetle is heavily wounded.
You block the boulder beetle's attack.
You hit the boulder beetle but do no damage.
The boulder beetle is heavily wounded.
The boulder beetle completely misses you.
You hit the boulder beetle.
Lightning courses through the boulder beetle!!
The boulder beetle is almost dead.
You block the boulder beetle's attack.
You hit the boulder beetle but do no damage.
Lightning courses through the boulder beetle!
You kill the boulder beetle!
Your Fighting skill increases to level 9!
There is a stone staircase leading down, spattered with blood here.
You see here a vampire mosquito corpse.
There is a stone staircase leading down, spattered with blood here.
You start resting.
Magic restored.
You start resting.
HP restored.
You climb downwards.
The wolf spider simulacrum hits you but does no damage.
The wolf spider simulacrum barely misses you.
The wolf spider simulacrum misses you. The wolf spider simulacrum bites you.
The wolf spider simulacrum freezes you!!
There is a stone staircase leading up, spattered with blood here.
You barely miss the wolf spider simulacrum.
The wolf spider simulacrum hits you!
The wolf spider simulacrum freezes you!!
The wolf spider simulacrum bites you. The wolf spider simulacrum freezes you!
* * * LOW HITPOINT WARNING * * *
The wolf spider simulacrum hits you.
* * * LOW HITPOINT WARNING * * *
The wolf spider simulacrum freezes you!!
You die...
Your body glows with a rainbow of weird colours and disappears.

......... ........♣
#.......♣ .
#......♣# ..
##......♣♣♣...
#.............
##.............
...#...)Z.........
.......)@.)..).?.#
......##.[.........
...... #.##...~.~~~
..........##.~~≈~..
..........# ~..≈~..
........... .~~~~~~
............#.~.~.~
.Z......# ....~.


You could see a wolf spider simulacrum.

Vanquished Creatures
  Erolcha (D:9)
  A boulder beetle (D:12)
  A centaur warrior (D:13)
  A manticore (D:12)
  2 gargoyles
  An unseen horror (D:10)
  A troll (D:10)
  A hornet (D:9)
  Prince Ribbit (D:9)
  4 polar bears (D:12)
  A shadow (D:10)
  A vampire (D:11)
  A centaur simulacrum (D:13)
  A culicivora (D:11)
  A wraith (D:12)
  A wyvern (D:9)
  A water elemental (D:12)
  17 yaks
  3 vampire mosquitoes (D:12)
  3 steam dragons (D:8)
  2 acid dragons (D:10)
  A water moccasin (D:9)
  5 orc warriors
  3 ice beasts
  2 sky beasts (D:8)
  2 black bears
  3 centaurs
  A wolf (D:12)
  3 phantoms
  A kobold brigand (D:9)
  2 bullfrogs (D:6)
  2 gnoll sergeants
  A necrophage (D:4)
  5 scorpions
  4 wights (D:8)
  13 killer bees
  2 electric eels (D:10)
  7 crimson imps (D:12)
  A gnoll bouda (D:9)
  3 jellies
  2 orc priests
  5 iguanas
  2 orc wizards (D:5)
  7 adders
  10 gnolls
  A river rat (D:13)
  A shadow imp (D:6)
  2 white imps (D:12)
  An ufetubus (D:12)
  A worm (D:2)
  2 dart slugs
  21 orcs
  4 ball pythons
  8 endoplasms
  3 giant cockroaches (D:2)
  9 goblins
  11 hobgoblins
  4 quokkas
  4 bats
  3 frilled lizards (D:1)
  13 kobolds
  5 rats (D:2)
226 creatures vanquished.

Notes
Turn   | Place    | Note
-------+----------+-------------------------------------------
     0 | D:1      | Demosthentine the Demonspawn Gladiator began the quest for
                  | the Orb.
     0 | D:1      | Reached XP level 1. HP: 16/16 MP: 1/1
   125 | D:1      | Gained mutation: A meltable shield of frost defends you.
                  | (SH +4) [demonic ancestry]
   125 | D:1      | Reached XP level 2. HP: 19/22 MP: 2/2
   195 | D:1      | Found Jurok's Distillery.
   207 | D:1      | Bought a potion of degeneration for 11 gold pieces
   613 | D:2      | Reached skill level 1 in Armour
   640 | D:2      | Reached XP level 3. HP: 27/28 MP: 3/3
  1014 | D:2      | Gained mutation: A meltable icy envelope protects you from
                  | harm. (AC +8) [demonic ancestry]
  1014 | D:2      | Reached XP level 4. HP: 34/34 MP: 4/4
  1420 | D:3      | Reached skill level 1 in Shields
  1485 | D:3      | Identified the +1 leather armour "Jump" {Rampage *Slow
                  | rElec}
  2318 | D:4      | Noticed a phantom
  2330 | D:4      | Killed a phantom
  2331 | D:4      | Reached XP level 5. HP: 40/40 MP: 5/5
  2455 | D:4      | Reached skill level 3 in Fighting
  2624 | D:5      | Entered Level 5 of the Dungeon
  2698 | D:5      | Gained mutation: You are partially covered in rugged brown
                  | scales. (AC +1, +3% HP) [demonic ancestry]
  2698 | D:5      | Reached XP level 6. HP: 41/48 MP: 6/6
  2773 | D:5      | Found a shimmering blue altar of Sif Muna.
  2847 | D:5      | Found a snail-covered altar of Cheibriados.
  3312 | D:5      | Gained mutation: You are mostly covered in rugged brown
                  | scales. (AC +2, +5% HP) [demonic ancestry]
  3312 | D:5      | Reached XP level 7. HP: 48/55 MP: 7/7
  3423 | D:5      | Identified the +3 trident of Dese {protect, rF- rN++ Int+8}
  3623 | D:6      | Reached skill level 4 in Fighting
  3788 | D:6      | Found a staircase to the Ecumenical Temple.
  3811 | Temple   | Entered the Ecumenical Temple
  3921 | Temple   | Became a worshipper of Nemelex Xobeh the Trickster
  4047 | D:6      | Found a hazy altar of Hepliaklqana.
  4077 | D:6      | Gained mutation: You regenerate magic rapidly. [demonic
                  | ancestry]
  4077 | D:6      | Reached XP level 8. HP: 63/64 MP: 8/8
  4576 | D:6      | Found Omatulil's Assorted Antiques.
  4614 | D:6      | Bought an inky potion for 22 gold pieces
  4614 | D:6      | Bought a scroll labelled NIZIZ CUTWONG for 25 gold pieces
  4614 | D:6      | Bought a scroll of identify for 50 gold pieces
  4671 | D:6      | Found a sacrificial altar of Ru.
  4671 | D:6      | Found a hide-covered altar of Uskayaw.
  4671 | D:6      | Found a broken altar of Ashenzari.
  4671 | D:6      | Found an ancient bone altar of Kikubaaqudgha.
  4679 | D:6      | Found a blossoming altar of Fedhas.
  4684 | D:6      | Found a shimmering altar of Xom.
  4754 | D:6      | Reached * piety under Nemelex Xobeh
  5198 | D:7      | Identified the +0 leather armour of the Blue Alphagorgon
                  | {Will+ SInv}
  5223 | D:7      | Received a gift from Nemelex Xobeh
  5284 | D:7      | Reached skill level 5 in Fighting
  5284 | D:7      | Reached skill level 5 in Polearms
  5284 | D:7      | Reached skill level 5 in Dodging
  5789 | D:7      | Reached ** piety under Nemelex Xobeh
  5880 | D:7      | Found a radiant altar of Vehumet.
  6561 | D:8      | Gained mutation: When hurt, damage is shared between your
                  | health and your magic reserves. [demonic ancestry]
  6561 | D:8      | Reached XP level 9. HP: 57/71 MP: 9/9
  6882 | D:8      | Reached skill level 5 in Armour
  6914 | D:8      | Reached skill level 6 in Fighting
  6919 | D:8      | Reached skill level 5 in Shields
  7413 | D:8      | Received a gift from Nemelex Xobeh
  7627 | D:9      | Reached skill level 1 in Invocations
  7866 | D:9      | Received a gift from Nemelex Xobeh
  7866 | D:9      | Noticed Prince Ribbit
  7875 | D:9      | Killed Prince Ribbit
  7876 | D:9      | Gained mutation: A meltable icy envelope protects you from
                  | harm. (AC +8) [demonic ancestry]
  7876 | D:9      | Reached XP level 10. HP: 80/80 MP: 12/12
  8062 | D:9      | Noticed Erolcha
  8077 | D:9      | Killed Erolcha
  8115 | D:9      | Reached skill level 7 in Fighting
  8349 | D:10     | Entered Level 10 of the Dungeon
  8397 | D:10     | Reached skill level 5 in Invocations
  8433 | D:10     | Reached *** piety under Nemelex Xobeh
  8450 | D:10     | Found a burning altar of Makhleb.
  8511 | D:10     | Found a staircase to the Orcish Mines.
  8604 | D:10     | Found a staircase to the Lair.
  8730 | D:10     | Received a gift from Nemelex Xobeh
  8852 | D:10     | Reached XP level 11. HP: 66/90 MP: 12/15
  9107 | D:10     | Reached skill level 8 in Fighting
  9160 | D:10     | Found an opulent altar of Gozag.
  9472 | D:10     | Found an ornate altar of the Wu Jian Council.
  9474 | D:10     | Reached **** piety under Nemelex Xobeh
  9683 | D:11     | Received a gift from Nemelex Xobeh
  9687 | D:11     | Found Iciyb's Book Boutique.
  9756 | D:11     | Got the Precepts of the Prime Compass
 10651 | D:12     | Noticed a cyan ugly thing
 10651 | D:12     | Noticed a thrashing horror
 10651 | D:12     | Noticed an orc knight
 10682 | D:12     | Noticed a thrashing horror
 10691 | D:12     | Found a transporter.
 10691 | D:12     | Found a transporter.
 10700 | D:12     | Noticed jejorda2's ghost (journeyman MfBe)
 10960 | D:13     | Noticed a centaur warrior
 11157 | D:13     | Noticed a deep elf pyromancer
 11513 | D:13     | Noticed a boulder beetle
 11520 | D:13     | Killed a centaur warrior
 11544 | D:12     | Killed a boulder beetle
 11545 | D:12     | Reached skill level 9 in Fighting
 11711 | D:13     | Slain by a wolf spider simulacrum

Illustrated notes

Levels and vault maps discovered:
D:1:      minmay_arrival_four_circles, layout_basic, serial_shops,
          nicolae_shop_trees, minmay_misc_feat_columns
D:2:      layout_basic, minmay_fractal_squares_5
D:3:      layout_basic
D:4:      layout_rooms, serial_glass, glass_columns_a, glass_columns_b,
          due_unseen_surprise, corexii_shack, wad_floor_pattern_untrapped
D:5:      layout_gridville, led_sif_book, kennysheep_slug_shrine
D:6:      layout_cave_pods, minmay_overflow_temple_hex,
          mainiacjoe_overflow_small_starburst, minmay_temple_entry_junction,
          serial_shops, shop
D:7:      layout_layer_cave, nicolae_vehumet_altar_sigil
D:8:      layout_basic, minmay_manual_mess
D:9:      layout_irregular_city, grunt_decor_arrowhead, minivault_25,
          uniq_prince_ribbit1, uniq_erolcha
D:10:     layout_basic, grunt_temple_overflow_gold_and_silver,
          nicolae_wu_jian_immortal_techniques, lightli_temple_of_fire,
          lair_entry_dummy, nicolae_zen_rock_garden, minmay_circle_x
D:11:     layout_big_octagon, serial_shops, shop
D:12:     layout_rooms, gammafunk_ghost_abyssal_escape, minmay_nine_imps
D:13:     layout_cave_pools, hangedman_vaults_entry_quadrant_bands, serial_ice,
          serial_ice_j, serial_ice_e, serial_ice_b, serial_ice_n, serial_ice_a,
          serial_ice_f, serial_ice_g, serial_ice_m, minmay_stone_trees_small
Temple:   hellmonk_temple_beads

Skill      XL: |  1  2  3  4  5  6  7  8  9 10 11 |
---------------+----------------------------------+-----
Armour         | 1 2 3 4 5 |  5.3
Dodging        | 3 4 5 6 7 8 |  8.5
Polearms       | 3 4 5 6 7 8 |  8.5
Shields        | 1 2 3 4 5 6 7 |  7.0
Fighting       | 3 4 5 6 7 9 |  9.0
Invocations    | 3 6 8 |  8.2
Throwing       | |  1.7

Action                     |  1- 3 |  4- 6 |  7- 9 | 10-12 || total
---------------------------+-------+-------+-------+-------++-------
  Melee: Trident           |   113 |   136 |   272 |   116 ||   637
         Punch             |     1 |     1 |     2 |       ||     4
         Spear             |       |       |   103 |   374 ||   477
  Throw: Throwing net      |       |       |       |     2 ||     2
 Invoke: Triple Draw       |       |       |       |     1 ||     1
         Deal Four         |       |       |       |     1 ||     1
  Evoke: Wand              |       |       |       |     1 ||     1
    Use: Scroll            |     4 |     6 |    10 |     6 ||    26
         Potion            |       |     1 |     5 |       ||     6
   Stab: Sleeping          |     3 |       |       |       ||     3
 Armour: Leather armour    |    32 |    41 |   131 |   216 ||   420
  Dodge: Dodged            |    64 |    64 |   222 |   294 ||   644
  Block: Other             |    12 |    18 |    59 |       ||    89
         Buckler           |       |       |    23 |   224 ||   247

Table legend: (Time is in decaauts)
 A = Elapsed time spent in this place.
 B = Non-inter-level travel time spent in this place.
 C = Inter-level travel time spent in this place.
 D = Time resting spent in this place.
 E = Time spent auto-exploring this place.
 F = Levels seen in this place.
 G = Mean time per level.
                   A        B        C        D        E       F      G
               +--------+--------+--------+--------+--------+-----+--------+
         Total |  11663 |  11267 |    396 |    760 |   8535 |  14 |  833.1 |
       Dungeon |  11530 |  11134 |    396 |    760 |   8443 |  13 |  886.9 |
        Temple |    133 |    133 |      0 |      0 |     92 |   1 |  133.0 |
               +--------+--------+--------+--------+--------+-----+--------+

Top non-repeatable levels by time:
    D:12: 1544 daAuts
     D:7: 1405 daAuts
    D:10: 1299 daAuts
     D:8: 1251 daAuts
     D:6: 1173 daAuts
     D:5: 992 daAuts
     D:3: 814 daAuts
     D:2: 814 daAuts
     D:9: 763 daAuts
     D:1: 606 daAuts
     D:4: 413 daAuts
    D:11: 396 daAuts
  Temple: 133 daAuts
    D:13: 55 daAuts
